 Dungeon Crawl Stone Soup version 0.23-a0-844-gdc03e01 (console) character file.

56 bli the Sneak (level 3, -7/18 HPs)
             Began as a Spriggan Assassin on Jan 26, 2019.
             Mangled by a gnoll
             ... wielding a +0 spear
              (9 damage)
             ... on level 2 of the Dungeon.
             The game lasted 00:03:51 (1498 turns).

bli the Sneak (Spriggan Assassin)                   Turns: 1498, Time: 00:03:51

Health: -7/18      AC:  3    Str:  7    XL:     3   Next: 69%
Magic:  4/4        EV: 19    Int: 12    God:
Gold:   19         SH:  0    Dex: 18    Spells: 2/2 levels left

rFire    . . .     SeeInvis +   a - +0 dagger (venom)
rCold    . . .     Gourm    .   (shield restricted)
rNeg     . . .     Faith    .   c - +0 robe
rPois    .         Spirit   .   (helmet restricted)
rElec    .         Reflect  .   d - +0 cloak
rCorr    .         Harm     .   (gloves unavailable)
MR       .....                  (boots unavailable)
Stlth    +++.......             (no amulet)
HPRegen  0.06/turn              (no ring)
MPRegen  0.09/turn              (no ring)

@: very quick
A: very small, unfitting armour, see invisible, herbivore, speed 3, slow
metabolism 2
a: no special abilities


You were on level 2 of the Dungeon.
You were not hungry.

You visited 1 branch of the dungeon, and saw 2 of its levels.

You collected 19 gold pieces.

Inventory:

Hand Weapons
 a - a +0 dagger of venom (weapon)
 b - a +0 blowgun
 l - a +2 dagger
 o - a +0 short sword
Missiles
 e - 8 poisoned needles
 f - 2 curare-tipped needles
 i - 13 stones (quivered)
Armour
 c - a +0 robe (worn)
 d - a +0 cloak (worn)
 p - a +0 cloak
Scrolls
 h - a scroll of amnesia {unknown}
 k - a scroll of blinking {unknown}
 r - a scroll of identify {unknown}
Potions
 j - a potion of magic {unknown}
 n - a potion of resistance {unknown}
 q - a potion of lignification {unknown}
Comestibles
 g - a ration


   Skills:
 + Level 1.6 Fighting
 * Level 3.6 Short Blades
 - Level 2.0 Throwing
 + Level 3.4 Dodging
 - Level 6.0 Stealth


You had 2 spell levels left.
You didn't know any spells.
Your spell library was empty.

Dungeon Overview and Level Annotations

Branches:
Dungeon (2/15)

Altars:
Fedhas
Uskayaw

Annotations:
D:2 Jessica, Natasha


Innate Abilities, Weirdness & Mutations

You are very small and have problems with some larger weapons.
You are too small for most types of armour.
You have supernaturally acute eyesight. (SInv)
You are a herbivore.
You cover ground extremely quickly.
You need to consume almost no food.


Message History

The stone hits the plant but does no damage.
The gnoll barely misses you.
You barely miss the gnoll. The gnoll hits you with a +0 spear.
* * * LOW HITPOINT WARNING * * *
You barely miss the gnoll. The gnoll misses you.
There are no items here.
Unknown command.
Throwing (i - inventory)
i - 15 stones (quivered)
Press: ? - help, Shift-Dir - straight line, f/p - gnoll
Aim: a gnoll, wielding a +0 spear You throw a stone.
The stone hits the gnoll but does no damage.
Throwing (i - inventory)
i - 14 stones (quivered)
Press: ? - help, Shift-Dir - straight line, f/p - gnoll
Aim: a gnoll, wielding a +0 spear You throw a stone.
The stone hits the gnoll.
The gnoll is lightly wounded.
The gnoll hits you from afar with a +0 spear!
Ouch! That really hurt!
You die...

#.....#.# #.....#(#
#.....#.# #.....#.#
#........ #.....#.#
#.g...#.# ###
#†#.g.).# #.#
#.#.....#
#.#########(#.....#
#<@.g(.÷.((.PPP...#
###########P.PP...#
..PP_P....
###P.PPP(##
#.P.P.$.. #.#......
#....$... #########


You could see a gnoll.

Vanquished Creatures
  A gnoll (D:2)
  An adder (D:2)
  2 dart slugs (D:1)
  A giant cockroach (D:1)
  A goblin (D:1)
  3 hobgoblins (D:1)
  5 jackals (D:1)
  6 kobolds
  A quokka (D:2)
  A ball python (D:1)
  5 bats
  A frilled lizard (D:1)
  5 rats
33 creatures vanquished.

Notes
Turn   | Place    | Note
-------+----------+-------------------------------------------
     0 | D:1      | bli the Spriggan Assassin began the quest for the Orb.
     0 | D:1      | Reached XP level 1. HP: 10/10 MP: 2/2
   142 | D:1      | Reached XP level 2. HP: 8/14 MP: 3/3
   599 | D:1      | Reached skill level 6 in Stealth
   892 | D:1      | Reached XP level 3. HP: 14/18 MP: 4/4
  1103 | D:2      | Found a blossoming altar of Fedhas.
  1108 | D:2      | Noticed Natasha
  1123 | D:2      | Noticed Jessica
  1134 | D:2      | Found a hide-covered altar of Uskayaw.
  1498 | D:2      | Mangled by a gnoll

Vault maps used:
D:1:      scummos_arrival_gate
D:2:      lemuel_crystal_altar, nicolae_overflow_crystal_walls, fedhas_altar_3,
          first_ration, corner_web_ring, uniq_jessica, uniq_natasha

Skill      XL: |  1  2 |
---------------+-------+-----
Dodging        | 2 3 |  3.4
Stealth        | 6 |  6.0
Short Blades   | 3 |  3.6
Fighting       | |  1.6
Throwing       | |  2.0

Action                   || total
-------------------------++-------
Melee: Dagger            ||    99
Throw: Stone             ||    23
  Use: Potion            ||     2
 Stab: Sleeping          ||     8
Armor: Robe              ||    16
Dodge: Dodged            ||    94

Table legend:
 A = Non-vault XP
 B = Vault XP
 C = Vault XP percentage of total XP
 D = Non-vault monster count
 E = Vault monster count
 F = Vault count percentage of total count
                 A         B        C        D         E       F
            +---------+---------+-------+---------+---------+-------
      Total |      80 |       0 |   0.0 |      33 |       0 |   0.0
            +---------+---------+-------+---------+---------+-------
        D:1 |      48 |       0 |   0.0 |      27 |       0 |   0.0
        D:2 |      32 |       0 |   0.0 |       6 |       0 |   0.0
            +---------+---------+-------+---------+---------+-------
